 Dungeon Crawl Stone Soup version 0.22-a0-410-g97be04f (webtiles) character file.

12495 iamserjio the Thaumaturge (level 11, -3/84 HPs)
             Began as a Mummy Summoner on May 11, 2018.
             Was an Initiate of Gozag.
             Slain by a minotaur skeleton (22 damage)
             ... in a labyrinth.
             The game lasted 01:19:54 (22779 turns).

iamserjio the Thaumaturge (Mummy Summoner)         Turns: 22779, Time: 01:19:55

Health: -3/84      AC: 21    Str: 11    XL:     11   Next: 63%
Magic:  25/25      EV: 11    Int: 21    God:    Gozag
Gold:   1626       SH:  5    Dex: 17    Spells: 12/31 levels left

rFire    . . .     SeeInvis .   A - +4 short sword "Igaupu" {pierce, +Rage rF+ rN+}
rCold    + . .     Gourm    .   v - +0 buckler
rNeg     + + +     Faith    .   G - +4 ring mail of Activism {Int+2}
rPois    ∞         Spirit   .   y - +1 helmet
rElec    .         Reflect  .   I - +2 cloak {MR+}
rCorr    .         Harm     .   j - +2 pair of gloves
MR       ++...                  z - +1 pair of boots
Stlth    ++........             u - amulet of magic regeneration
HPRegen  0.24/turn              r - +5 ring of dexterity
MPRegen  0.44/turn              s - ring of stealth

@: gold aura
A: no food or potions, fire vulnerability, cold resistance 1, negative energy
resistance 3, torment resistance, unbreathing
a: Potion Petition, Call Merchant, Bribe Branch, Renounce Religion


You were in a labyrinth.
You worshipped Gozag.
Gozag was most pleased with you.
You were not hungry.

You visited 3 branches of the dungeon, and saw 16 of its levels.
You also visited: Labyrinth, Ossuary and Bailey.

You collected 2144 gold pieces.
You paid 518 gold pieces to Gozag.

Inventory:

Hand Weapons
 k - a +4 dagger of venom
 o - a +1 scimitar of flaming
 q - a +2 trident of venom
 A - the +4 short sword "Igaupu" (weapon) {pierce, +Rage rF+ rN+}
   (You found it on level 6 of the Dungeon)

   It inflicts extra damage upon your enemies.
   It protects you from fire.
   It protects you from negative energy.
   It lets you go berserk.
 C - a +2 dagger of electrocution
 F - a +2 vampiric dagger
 J - a +5 great sword
Missiles
 g - 58 sling bullets
 i - 414 stones (quivered)
Armour
 j - a +2 pair of gloves (worn)
 v - a +0 buckler (worn)
 x - the +2 pair of boots of Apsefrih {rC++ Int-2 Dex+8}
   (You found it on level 5 of the Dungeon)

   It affects your intelligence (-2).
   It affects your dexterity (+8).
   It greatly protects you from cold.
 y - a +1 helmet (worn)
 z - a +1 pair of boots (worn)
 G - the +4 ring mail of Activism (worn) {Int+2}
   (You found it on level 8 of the Dungeon)

   It affects your intelligence (+2).
 H - a +2 robe
 I - a +2 cloak of magic resistance (worn)
Jewellery
 n - a +2 ring of evasion
 r - a +5 ring of dexterity (left hand)
 s - a ring of stealth (right hand)
 u - an amulet of magic regeneration (around neck)
 K - an uncursed ring of protection from cold
Wands
 f - a wand of acid (1)
 m - a wand of disintegration (3)
 p - a wand of digging (37)
 L - a wand of iceblast (7)
Scrolls
 a - a scroll of enchant armour
 b - 2 scrolls of fog
 c - 2 scrolls of remove curse
 d - 2 scrolls of immolation
 e - 7 scrolls of teleportation
 h - a scroll of torment
 l - a scroll of fear
 t - 3 scrolls of identify
 B - a scroll of blinking
 D - 2 scrolls of acquirement
 E - 2 scrolls of amnesia
Potions
 w - 3 potions of lignification {unknown}


   Skills:
 + Level 7.4 Fighting
 * Level 5.9 Armour
 - Level 1.5 Dodging
 - Level 1.5 Stealth
 - Level 4.1 Shields
 + Level 10.7 Spellcasting
 + Level 10.6 Summonings


You had 12 spell levels left.
You knew the following spells:

 Your Spells              Type           Power        Failure   Level  Hunger
a - Summon Small Mammal   Summ           ####         1%          1    N/A
b - Call Imp              Summ           ######..     1%          2    N/A
c - Call Canine Familiar  Summ           ######..     1%          3    N/A
d - Summon Guardian Gole  Hex/Summ       ####....     4%          3    N/A
e - Summon Lightning Spi  Summ/Air       ####....     14%         4    N/A
f - Summon Ice Beast      Ice/Summ       ####....     14%         4    N/A
g - Blink                 Tloc           N/A          19%         2    N/A

Dungeon Overview and Level Annotations

Branches:
Dungeon (14/15)            Temple (1/1) D:7            Lair (1/6) D:11
    Orc (0/2) D:9
 Vaults: D:13-14

Altars:
Cheibriados
Dithmenos
Elyvilon
Fedhas
Gozag
Hepliaklqana
Kikubaaqudgha
Nemelex Xobeh
Okawaru
Qazlal
Ru
Sif Muna
Trog
Uskayaw
Wu Jian
Xom
Yredelemnul
Zin
The Shining One
Lugonu

Shops:
D:5 *   D:6 }   D:7 (   D:8 :


Innate Abilities, Weirdness & Mutations

You do not eat or drink.
Your flesh is vulnerable to fire.
You are immune to poison.
Your flesh is cold resistant. (rC+)
You are immune to negative energy. (rN+++)
You are immune to unholy pain and torment.
You can survive without breathing.


Message History

The basilisk is almost dead.
The basilisk gazes at you. You resist with almost no effort.
You hit the basilisk.
You kill the basilisk!
You block the minotaur skeleton's attack.
The minotaur skeleton barely misses you.
You block the minotaur skeleton's attack.
The minotaur skeleton gores you.
You see here 26 gold pieces.
You hit the minotaur skeleton.
The minotaur skeleton is lightly damaged.
The minotaur skeleton hits you!!
* * * LOW HITPOINT WARNING * * *
The minotaur skeleton gores you but does no damage.
You hit the minotaur skeleton.
The minotaur skeleton is lightly damaged.
The minotaur skeleton hits you!!
You die...
Your body crumbles into a pile of gold.

#. #.#.. #.#
#.#.# .. #... #
.#
#########.#.#####
... .... ....
....# .# .####
####§#.# . ..#
#.#. . # # #
.##.######.# .#
#.# #.#...@8h...#
.#.#
##.####Z###### #
# .# #...# ..$. #
#. ##.########. .
. ...# .. # #. #
. ## # #. # ## #
.#


You could see a minotaur skeleton, a friendly guardian golem and a friendly
wolf.

Vanquished Creatures
  A hydra (Lair:1)
  Urug (D:11)
  An orc knight (Bailey)
  Maurice (D:11)
  A hippogriff (Lair:1)
  A wraith (D:12)
  2 yaks
  A basilisk (Lab)
  A hungry ghost (D:7)
  A sky beast (D:10)
  A black bear (D:4)
  3 orc warriors
  6 ogres
  A phantom (D:5)
  2 centaurs
  A crocodile (Lair:1)
  2 bullfrogs
  A big kobold (D:10)
  A gnoll sergeant (D:9)
  2 water moccasin zombies (Ossuary)
  4 scorpions
  5 killer bees
  2 howler monkeys
  3 crimson imps
  3 centaur zombies
  2 iron imps (D:12)
  A gnoll shaman (D:10)
  A jelly (D:5)
  4 orc wizards
  4 orc priests
  3 hounds
  A centaur skeleton (D:4)
  2 bullfrog skeletons
  5 worker ants
  4 iguanas
  A killer bee zombie (D:5)
  A big kobold zombie (Ossuary)
  A hound zombie (D:5)
  3 mummies
  5 adders
  9 gnolls
  2 shadow imps
  An ooze (D:2)
  An adder skeleton (D:4)
  5 adder zombies (Ossuary)
  5 worms
  A dart slug (D:3)
  9 leopard geckos
  32 orcs
  3 giant cockroaches
  10 goblins
  13 hobgoblins
  7 jackals
  8 kobolds
  8 quokkas
  A ball python (D:1)
  4 bats
  4 frilled lizards
  2 gnoll zombies (Ossuary)
  6 hobgoblin zombies
  3 kobold zombies
  A leopard gecko zombie (D:7)
  7 orc zombies
  5 rats
  A spectral orc (D:5)
234 creatures vanquished.

Vanquished Creatures (collateral kills)
  The ghost of KristoblXynda the Basher, a journeyman NaGl of Yredelemnul (D:12)
  4 two-headed ogres
  Erica (D:10)
  A cyclops (D:11)
  An ugly thing (D:12)
  A centaur zombie (D:11)
  2 centaur skeletons
  The ghost of Venturno the Insei, a novice GnTm (D:5)
  2 rime drakes (D:11)
  A gargoyle (D:12)
  A troll (D:9)
  Grinder (D:5)
  A hippogriff (D:9)
  8 yaks
  A basilisk (Lair:1)
  A porcupine (Lair:1)
  7 orc warriors (Bailey)
  A necrophage (D:6)
  A sky beast (D:9)
  An ice beast (D:6)
  4 ogres
  2 phantoms
  4 wolves (Lair:1)
  5 centaurs
  A big kobold (D:12)
  6 bullfrogs
  2 gnoll sergeants
  A wyvern zombie (D:12)
  A water moccasin zombie (Ossuary)
  A scorpion (D:5)
  5 wights (D:11)
  7 killer bees (D:12)
  A crimson imp (D:8)
  A bullfrog zombie (D:11)
  3 iron imps (D:12)
  2 hounds
  An orc priest (D:9)
  2 orc wizards
  Robin (D:2)
  9 gnolls
  28 orcs
  A bat (D:2)
  A giant cockroach (D:3)
  3 goblins
  3 hobgoblins (D:1)
  4 jackals
  A ball python (D:1)
  A ball python skeleton (D:4)
  A frilled lizard (D:1)
  12 kobolds
  A kobold zombie (Ossuary)
  An orc zombie (Ossuary)
  A rat (D:1)
155 creatures vanquished.

Vanquished Creatures (others)
  2 plants (D:11)
2 creatures vanquished.

Grand Total: 391 creatures vanquished

Notes
Turn   | Place    | Note
-------+----------+-------------------------------------------
     0 | D:1      | iamserjio the Mummy Summoner began the quest for the Orb.
     0 | D:1      | Reached XP level 1. HP: 13/13 MP: 4/4
   580 | D:1      | Reached XP level 2. HP: 17/19 MP: 3/6
  1322 | D:2      | Learned a level 2 spell: Call Imp
  1393 | D:2      | Noticed Robin
  1412 | D:2      | Reached XP level 3. HP: 21/24 MP: 5/7
  1431 | D:2      | HP: 1/24 [Robin/mace (8)]
  1434 | D:2      | Killed Robin
  1948 | D:2      | Learned a level 3 spell: Call Canine Familiar
  2392 | D:3      | Reached XP level 4. HP: 18/30 MP: 5/9
  3144 | D:4      | Noticed an ogre
  3769 | D:4      | Noticed a phantom
  3827 | D:4      | Killed a phantom
  3827 | D:4      | Reached XP level 5. HP: 11/35 MP: 3/11
  4231 | D:4      | Noticed an ogre
  4237 | D:4      | Learned a level 3 spell: Summon Guardian Golem
  4250 | D:4      | Killed an ogre
  4250 | D:4      | Reached skill level 5 in Summonings
  4250 | D:4      | Reached XP level 6. HP: 41/41 MP: 9/13
  4391 | D:4      | Reached skill level 5 in Spellcasting
  4870 | D:4      | Reached XP level 7. HP: 35/46 MP: 12/15
  6883 | D:5      | Entered Level 5 of the Dungeon
  6895 | D:5      | Reached XP level 8. HP: 36/52 MP: 18/18
  7583 | D:5      | Found a shadowy altar of Dithmenos.
  7611 | D:5      | Noticed Venturno's ghost (novice GnTm)
  7624 | D:5      | Killed Venturno's ghost
  8726 | D:5      | Found Jompefoa's Assorted Antiques.
  8835 | D:5      | Found a basalt altar of Yredelemnul.
  8859 | D:5      | Noticed Grinder
  8884 | D:5      | Killed Grinder
  9054 | D:5      | Got a pair of spiked boots
  9061 | D:5      | Found a sacrificial altar of Ru.
  9402 | D:5      | Identified the +2 pair of boots of Apsefrih {rC++ Int-2 Dex+8} (You found it on level 5 of the Dungeon)
 10343 | D:6      | Found an ancient bone altar of Kikubaaqudgha.
 10804 | D:6      | Found Ipropan's Gadget Emporium.
 10832 | D:6      | Got a fine short sword
 10891 | D:6      | Reached XP level 9. HP: 39/57 MP: 21/21
 10892 | D:6      | Found a shimmering altar of Xom.
 11450 | D:6      | Identified the +4 short sword "Igaupu" {pierce, +Rage rF+ rN+} (You found it on level 6 of the Dungeon)
 11462 | D:7      | Found a sand-covered staircase.
 11467 | Ossuary  | Entered an ossuary
 12125 | D:7      | Learned a level 4 spell: Summon Lightning Spire
 12151 | D:7      | Identified a scroll of acquirement
 12383 | D:7      | Found an iron altar of Okawaru.
 12733 | D:7      | Found Deilawi's Antique Weapon Boutique.
 12749 | D:7      | Found a sparkling altar of Nemelex Xobeh.
 12777 | D:7      | Found a staircase to the Ecumenical Temple.
 12788 | Temple   | Entered the Ecumenical Temple
 12799 | Temple   | Became a worshipper of Gozag Ym Sagoz the Greedy
 13148 | D:8      | Found Goategosch's Book Boutique.
 13229 | D:8      | Reached skill level 1 in Fighting
 13345 | D:8      | Got a faintly glowing ring mail
 13630 | D:8      | Noticed a two-headed ogre
 13645 | D:8      | Killed a two-headed ogre
 14078 | D:9      | Found a staircase to the Orcish Mines.
 14229 | D:9      | Noticed a two-headed ogre
 14242 | D:9      | Killed a two-headed ogre
 14242 | D:9      | Reached skill level 10 in Summonings
 14441 | D:9      | Reached XP level 10. HP: 67/71 MP: 23/23
 14893 | D:9      | Reached skill level 10 in Spellcasting
 14932 | D:9      | Found a bloodstained altar of Trog.
 14953 | D:9      | Noticed a two-headed ogre
 14968 | D:9      | Killed a two-headed ogre
 15447 | D:7      | Found a blossoming altar of Fedhas.
 15447 | D:7      | Found a glowing silver altar of Zin.
 15457 | D:7      | Learned a level 4 spell: Summon Ice Beast
 15521 | D:9      | Found a hazy altar of Hepliaklqana.
 15541 | D:9      | Found a stormy altar of Qazlal.
 15921 | D:9      | Reached skill level 1 in Shields
 16015 | D:10     | Entered Level 10 of the Dungeon
 16015 | D:10     | Noticed Erica
 16024 | D:10     | Killed Erica
 16024 | D:10     | Reached skill level 5 in Fighting
 16083 | D:10     | Identified the +4 ring mail of Activism {Int+2} (You found it on level 8 of the Dungeon)
 16160 | D:10     | Reached skill level 1 in Armour
 17217 | D:10     | Learned a level 2 spell: Blink
 17278 | D:11     | Noticed Maurice
 17291 | D:11     | Killed Maurice
 17390 | D:11     | Noticed Urug
 17424 | D:11     | Killed Urug
 17829 | D:11     | Found a frozen archway.
 17876 | D:11     | Reached XP level 11. HP: 27/82 MP: 21/25
 18394 | D:11     | You fall through a shaft for 3 floors!
 18394 | D:14     | Noticed a red ugly thing
 18394 | D:14     | Noticed a red ugly thing
 18406 | D:13     | Noticed a centaur warrior
 18409 | D:13     | Noticed a deep elf mage
 18412 | D:12     | Noticed a red ugly thing
 18435 | D:12     | Killed a red ugly thing
 18684 | D:12     | Noticed a two-headed ogre
 18694 | D:12     | Killed a two-headed ogre
 18768 | D:12     | Found a flagged portal.
 18779 | Bailey   | Entered a bailey
 19995 | Bailey   | Found a roughly hewn altar of Beogh.
 19999 | Bailey   | Noticed an orc knight
 20020 | Bailey   | Killed an orc knight
 20572 | D:12     | Reached skill level 5 in Armour
 20844 | D:11     | Found a staircase to the Lair.
 21025 | D:12     | Noticed KristoblXynda's ghost (journeyman NaGl)
 21052 | D:12     | Killed KristoblXynda's ghost
 21309 | D:12     | Noticed a hell beast
 21309 | D:12     | Found a corrupted altar of Lugonu.
 21743 | Lair:1   | Entered Level 1 of the Lair of Beasts
 21928 | Lair:1   | Noticed a seven-headed hydra
 21938 | Lair:1   | Killed a seven-headed hydra
 22090 | Lair:1   | Found a labyrinth entrance.
 22099 | Lab      | Entered a labyrinth
 22779 | Lab      | Slain by a minotaur skeleton

Vault maps used:
D:1:      lightli_iron_boxes, minmay_misc_feat_pillars
D:2:      uniq_robin
D:3:      grunt_ministairs_1
D:5:      kennysheep_mini, yredelemnul_forgotten_temple_becter, first_ration,
          basic_altar, serial_shops, nicolae_shop_overgrown_old_shop,
          minmay_mini_ossuary, uniq_grinder
D:6:      kiku_gazebo_pond_becter, serial_shops, shop_statue, abandoned_shop,
          tgw_xom
D:7:      kennysheep_mini_moat, nicolae_overflow_hidden_temple,
          minmay_temple_entry_butterflies, enter_ossuary_2, serial_shops, shop,
          okawaru_ov_weapons_minmay
D:8:      serial_shops, shop, grunt_pizzeria
D:9:      overflow_temple_1_default, overflow_temple_1_default,
          lemuel_round_altar, orc_0_dummy
D:10:     uniq_erica
D:11:     dpeg_oklobed_lair, portal_ice_cave_rime, uniq_maurice, uniq_urug
D:12:     enter_bailey_2, lemuel_hellish_altar
D:13:     minmay_radiant, uniq_rupert
D:14:     grunt_vaults_entry_tiered, kennysheep_another_room
Temple:   cyrus_circular_temple
Lair:1:   lab_entry_generic
Lab:      nicolae_lab_grate
Ossuary:  ossuary_tomb_2
Bailey:   bailey_polearm_2, bailey

Skill      XL: |  1  2  3  4  5  6  7  8  9 10 11 |
---------------+----------------------------------+-----
Spellcasting   | 3 4 5 6 8 9 10 | 10.7
Summonings     | 4 5 6 7 8 10 | 10.6
Fighting       | 3 6 7 |  7.4
Shields        | 4 |  4.1
Armour         | 3 5 |  5.9
Dodging        | |  1.5
Stealth        | |  1.5

Action                   |  1- 3 |  4- 6 |  7- 9 | 10-12 || total
-------------------------+-------+-------+-------+-------++-------
Melee: Whip              |    13 |       |       |       ||    13
       Short sword       |    29 |       |   234 |   221 ||   484
       Dagger            |    59 |    88 |   335 |   109 ||   591
       Trident           |       |       |    30 |     8 ||    38
       Spear             |       |       |    15 |       ||    15
 Cast: Summon Small Mamm |    40 |    25 |    12 |     7 ||    84
       Call Imp          |       |     4 |     9 |       ||    13
       Call Canine Famil |       |     2 |    24 |    34 ||    60
       Summon Guardian G |       |     4 |    41 |    40 ||    85
       Summon Lightning  |       |       |     2 |    48 ||    50
       Summon Ice Beast  |       |       |       |    36 ||    36
Invok: Potion Petition   |       |       |       |     2 ||     2
Evoke: Wand              |       |       |       |    10 ||    10
  Use: Scroll            |       |       |    14 |    10 ||    24
 Stab: Sleeping          |     1 |       |    15 |    12 ||    28
       Distracted        |       |       |     2 |    12 ||    14
Armor: Robe              |    21 |    37 |   191 |    46 ||   295
       Ring mail         |       |       |       |   162 ||   162
Dodge: Dodged            |    76 |    72 |   358 |   252 ||   758
Block: Buckler           |       |       |       |    51 ||    51

Table legend:
 A = Spawn XP
 B = Non-spawn XP
 C = Spawn XP percentage of total XP
 D = Spawn monster count
 E = Non-spawn monster count
 F = Spawn count percentage of total count
 G = Total turns spent on level
                    A         B        C        D         E        F      G
               +---------+---------+-------+---------+---------+-------+---------
         Total |       0 |   17850 |   0.0 |       0 |     389 |   0.0 | 22779
               +---------+---------+-------+---------+---------+-------+---------
           D:1 |       0 |      21 |   0.0 |       0 |      16 |   0.0 |  1307
           D:2 |       0 |      67 |   0.0 |       0 |      31 |   0.0 |  1391
           D:3 |       0 |     117 |   0.0 |       0 |      32 |   0.0 |  1495
           D:4 |       0 |    1195 |   0.0 |       0 |      26 |   0.0 |  2690
           D:5 |       0 |    1012 |   0.0 |       0 |      25 |   0.0 |  2573
           D:6 |       0 |     726 |   0.0 |       0 |      21 |   0.0 |  1997
           D:7 |       0 |     345 |   0.0 |       0 |      16 |   0.0 |  1004
           D:8 |       0 |    1095 |   0.0 |       0 |      22 |   0.0 |  1017
           D:9 |       0 |    2085 |   0.0 |       0 |      40 |   0.0 |  1869
          D:10 |       0 |    2215 |   0.0 |       0 |      39 |   0.0 |  1207
          D:11 |       0 |    2362 |   0.0 |       0 |      18 |   0.0 |  1563
          D:12 |       0 |    2980 |   0.0 |       0 |      34 |   0.0 |  1267
        Lair:1 |       0 |    1934 |   0.0 |       0 |      15 |   0.0 |   356
           Lab |       0 |     193 |   0.0 |       0 |       1 |   0.0 |   680
       Ossuary |       0 |     298 |   0.0 |       0 |      27 |   0.0 |   652
        Bailey |       0 |    1205 |   0.0 |       0 |      26 |   0.0 |  1673
               +---------+---------+-------+---------+---------+-------+---------
